 Dungeon Crawl Stone Soup version 0.18.1-8-gdd0e5ea (webtiles) character file.

160 Gargoyl the Skirmisher (level 5, 0/42 HPs)
             Began as a Demonspawn Abyssal Knight on June 4, 2016.
             Was a Believer of Lugonu.
             Slain by an orc wizard
             ... wielding a +0 dagger
              (1 damage)
             ... on level 5 of the Dungeon.
             The game lasted 00:04:14 (2292 turns).

Gargoyl the Skirmisher (Demonspawn Abyssal Knight)  Turns: 2292, Time: 00:04:14

Health: 0/42       AC:  6    Str: 10 (13) XL:     5   Next: 17%
Magic:  6/6        EV: 10    Int: 12 (14) God:    Lugonu [**....]
Gold:   113        SH:  0    Dex:  9 (12) Spells: 0 memorised, 4 levels left

rFire  . . .     SeeInvis .     a - +1 hand axe
rCold  . . .     Gourm    .     d - +0 ring mail
rNeg   . . .     Faith    .     (no shield)
rPois  .         Spirit   .     (helmet restricted)
rElec  .         Dismiss  .     (no cloak)
rCorr  .         Reflect  .     l - +0 pair of gloves
SustAt .         Harm     .     (no boots)
MR     .....                    (no amulet)
Stlth  ..........               (no ring)
                                (no ring)

@: lethally poisoned (0 -> -3), slowed, very slow, not resistant to hostile
enchantments, extremely unstealthy
A: horns 2, powered by death 1
a: Depart the Abyss, Bend Space, Renounce Religion


You were on level 5 of the Dungeon.
You worshipped Lugonu.
Lugonu was pleased with you.
You were hungry.

You visited 1 branch of the dungeon, and saw 5 of its levels.
You visited the Abyss 1 time.

You collected 113 gold pieces.

Inventory:

Hand Weapons
 a - a +1 hand axe (weapon)
Armour
 d - a +0 ring mail (worn)
 l - a +0 pair of gloves (worn)
Jewellery
 v - a cursed amulet of inaccuracy {unknown}
Scrolls
 i - 2 scrolls of remove curse {unknown}
 j - 3 scrolls of teleportation {unknown}
 n - 3 scrolls of identify {unknown}
 s - a scroll of random uselessness {unknown}
Potions
 e - a potion of mutation {unknown}
 h - a potion of flight {unknown}
 k - a potion of magic {unknown}
 m - a potion of brilliance {unknown}
 o - 2 potions of degeneration
 p - a potion of might {unknown}
 q - a potion of resistance {unknown}
 r - 2 potions of lignification {unknown}
 t - a potion of heal wounds {unknown}
 u - a potion of curing {unknown}
Comestibles
 b - 9 fruits
 c - 3 bread rations
 f - 2 beef jerkies
 g - a meat ration


   Skills:
 + Level 4.0 Fighting
 + Level 2.6 Axes
 * Level 3.2 Armour
 + Level 1.7 Dodging
 + Level 2.4 Invocations


You had 4 spell levels left.
You didn't know any spells.

Dungeon Overview and Level Annotations

Branches:
Dungeon (5/15)
 Temple: D:4-7

Altars:
Qazlal


Innate Abilities, Weirdness & Mutations

You have a pair of horns on your head.
You regenerate a little health from kills.


Message History

* * * LOW HITPOINT WARNING * * *
You are lethally poisoned!
The scorpion poisons you!
You climb downwards.
You hear the sound of rushing water.
There is an entrance to a sewer on this level.
Hurry and find it before the portal rusts away!
* * * LOW HITPOINT WARNING * * *
You feel sick.
There is a stone staircase leading up here.
Drink which item? (? for menu, Esc to quit)
It was a potion of degeneration.
There was something very wrong with that liquid.
You feel weakened.
You feel dopey.
You feel clumsy.
* * * LOW HITPOINT WARNING * * *
You feel sick.
The orc wizard hits you but does no damage.
The orc wizard closely misses you.
The scorpion stings you but does no damage.
The orc wizard hits you with a dagger.
You die...

### #..
#.# #o#
#@#
#s......#
####.....
#..# .#


You could see a scorpion and an orc wizard.

Vanquished Creatures
  A hound (D:4)
  Jessica (D:2)
  4 adders
  A worm (D:2)
  A dart slug (D:4)
  A giant gecko (D:3)
  6 orcs
  A ball python (D:2)
  5 giant cockroaches
  4 goblins
  6 hobgoblins
  7 jackals
  2 quokkas
  6 bats
  3 giant newts (D:1)
  2 kobolds
  6 rats
57 creatures vanquished.

Notes
Turn   | Place    | Note
--------------------------------------------------------------
     0 | Abyss:1  | Gargoyl the Demonspawn Abyssal Knight began the quest for the Orb.
     0 | Abyss:1  | Reached XP level 1. HP: 18/18 MP: 2/2
    83 | Abyss:1  | Noticed a large abomination
    86 | Abyss:1  | Noticed an iron imp
   129 | Abyss:1  | Noticed a thrashing horror
   133 | D:1      | Escaped the Abyss
   374 | D:1      | Reached * piety under Lugonu
   378 | D:1      | Gained mutation: You have a pair of small horns on your head. [demonic ancestry]
   378 | D:1      | Reached XP level 2. HP: 15/24 MP: 3/3
   662 | D:1      | Reached skill level 1 in Dodging
   979 | D:2      | Noticed Jessica
   993 | D:2      | Killed Jessica
   993 | D:2      | Gained mutation: You regenerate a little health from kills. [demonic ancestry]
   993 | D:2      | Reached XP level 3. HP: 19/30 MP: 4/4
  1193 | D:2      | Reached skill level 4 in Fighting
  1427 | D:2      | Gained mutation: You have a pair of horns on your head. [demonic ancestry]
  1427 | D:2      | Reached XP level 4. HP: 29/37 MP: 5/5
  1508 | D:3      | Reached ** piety under Lugonu
  1751 | D:3      | Found a stormy altar of Qazlal.
  2269 | D:4      | Reached XP level 5. HP: 25/42 MP: 6/6
  2290 | D:4      | HP: 2/42 [scorpion (3)]
  2291 | D:5      | Entered Level 5 of the Dungeon
  2292 | D:5      | Slain by an orc wizard

Skill      XL: |  1  2  3  4 |
---------------+-------------+-----
Axes           | 2 |  2.6
Armour         | 2 3 |  3.2
Dodging        | 1 |  1.7
Fighting       | 4 |  4.0
Invocations    | |  2.4

Action                   |  1- 3 |  4- 6 || total
-------------------------+-------+-------++-------
Melee: Hand axe          |    82 |   100 ||   182
       Headbutt          |     5 |     8 ||    13
Invok: Depart the Abyss  |     1 |       ||     1
  Use: Potion            |       |     1 ||     1
  Eat: Chunk             |     2 |     2 ||     4
Armor: Ring mail         |    41 |    63 ||   104
Dodge: Dodged            |    69 |    80 ||   149
